AoeStats
← El Doctore Ortodoxo

Northern Isles

511101591Analyzed
1v1 RM · 5h ago on Oct 3, 2026· 51m 39s· 2 players
Game mode
Random Map
Map size
Tiny (2 player)
Population
200
Speed
Normal
Resources
Standard
Victory
Conquest
Starting age
Dark Age
Ending age
Imperial Age
RankedLock teamsTeams togetherTeam positionsShared explorationLock speedFull tech treeHidden civsTurbo modeCheats
Victory
Defeat
🇷🇸 Vikings · Serbia
805
+14
🇨🇳 Spanish · China
770
-14
ng879635
12:25 Feudal Age
14:02 Wheelbarrow
13:15 Double-Bit Axe
13:18 Horse Collar
14:12 Fishing Lines
17:04 Gold Mining
19:41 Castle Age
18:15 Stone Mining
20:52 Hand Cart
20:56 Heavy Plow
21:37 Stone Shaft Mining
21:32 Bow Saw
27:56 Loom
28:35 Ballistics
28:13 Murder Holes
31:30 Fortified Wall
36:12 Imperial Age
35:05 Masonry
34:46 Guard Tower
37:39 Conscription
36:41 Elite Conquistador
37:34 Scale Barding Armor
37:40 Forging
38:49 Chemistry
38:20 Architecture
39:17 Two-Man Saw
39:24 Elite Cannon Galleon
39:27 Demolition Ship
40:18 Medium Warships
El Doctore Ortodoxo
2:12 Loom
12:03 Feudal Age
12:47 Double-Bit Axe
12:45 Horse Collar
13:09 Fishing Lines
15:18 Town Watch
19:50 Castle Age
20:30 Arson
20:45 Fletching
20:48 Gold Mining
20:50 Stone Mining
22:28 Bow Saw
22:25 Gillnets
25:00 Bodkin Arrow
25:13 Heavy Plow
28:08 Imperial Age
27:04 Ballistics
26:43 Murder Holes
27:32 Medium Warships
29:51 Chemistry
30:44 Elite Longship
32:42 Conscription
32:23 Chieftains
35:50 Clinker Construction
35:52 Careening
35:04 Elite Berserk
38:59 Bracer
39:25 Carvel Hull
39:09 Bogsveigar
41:12 Forging
41:03 Scale Mail Armor
41:58 Siege Engineers
43:32 Heavy Warships
47:33 Iron Casting
47:14 Chain Mail Armor
47:33 Masonry
47:04 Treadmill Crane
47:36 Masonry
50:24 Spies/Treason
52:15 Blast Furnace
51:46 Plate Mail Armor
Connection lost

Rejoining the realm…

Still unreachable

The connection could not be restored.

Session expired

The server has moved on; the page needs a fresh start.